 Dungeon Crawl Stone Soup version 0.31-a0-263-ge8cad7f256 (webtiles) character file.

Game seed: 3580069274437191344

39 qw the Shooter (level 3, -2/21 HPs)
             Began as a Gargoyle Hexslinger on July 13, 2023.
             Slain by a black bear (3 damage)
             ... on level 4 of the Dungeon.
             The game lasted 00:00:26 (927 turns).

qw the Shooter (Gargoyle Hexslinger)                 Turns: 927, Time: 00:00:27

Health: -2/21      AC:  9    Str: 11    XL:     3   Next: 45%
Magic:  4/4        EV: 10    Int: 13    God:
Gold:   126        SH:  0    Dex: 14    Spells: 3/4 levels left

rFire   . . .        Y - +1 sling
rCold   . . .        (no shield)
rNeg    + . .        l - +0 ring mail
rPois   inf          (no helmet)
rElec   +            (no cloak)
rCorr   .            f - +0 pair of gloves
SInv    .            (no boots)
Will    .....        (no amulet)
Stlth   +            (no ring)
HPRegen 0.23/turn    (no ring)
MPRegen 0.09/turn

%: no passive effects
@: no status effects
A: sickness immunity, AC +3, negative energy resistance 1, electricity
resistance, torment resistance 1, petrification resistance
a: no special abilities


You were on level 4 of the Dungeon.
You visited 1 branch of the dungeon, and saw 3 of its levels.

You collected 126 gold pieces.


Innate Abilities, Weirdness & Mutations

You are immune to sickness and miasma.
Your stone body is resilient. (AC +3)
You are immune to poison.
You resist negative energy. (rN+)
You are resistant to electric shocks. (rElec)
You are resistant to unholy torment.
You are immune to petrification.


   Skills:
 - Level 2.0 Fighting
 - Level 3.2 Ranged Weapons
 + Level 0.6 Armour
 - Level 1.5 Dodging
 - Level 1.0 Spellcasting
 - Level 2.6 Hexes


You had 3 spell levels left.
You knew the following spells:

 Your Spells              Type           Power      Damage    Failure   Level
a - Slow                  Hex            28%        N/A       22%         1

Your spell library contained the following spells:

 Spells                   Type           Power      Damage    Failure   Level
 Inner Flame              Hex/Fire       4%         N/A       75%         3
 Portal Projectile        Hex/Tloc       8%         N/A       75%         3
 Cause Fear               Hex            3%         N/A       92%         4

Inventory:

Hand Weapons
 Y - a +1 sling (weapon)
Armour
 f - a +0 pair of gloves (worn)
 l - a +0 ring mail (worn)
Potions
 h - a potion of lignification {unknown}
 k - a potion of cancellation
 m - a potion of degeneration {unknown}

Dungeon Overview and Level Annotations

Branches:
Dungeon (2/15)

Altars:
Yredelemnul

Shops:
D:1 (([


Message History

Found 9 stones.
A black bear comes into view.
The black bear growls angrily.
You shoot a sling bullet. The sling bullet hits the black bear.
The black bear is lightly wounded.
You shoot a sling bullet.
The sling bullet closely misses the black bear.
The black bear bites you. The black bear claws you. x2
You shoot a sling bullet. The sling bullet hits the black bear.
The black bear is lightly wounded.
The black bear bites you but does no damage.
The black bear claws you but does no damage. x2
The black bear completely misses you.
The black bear claws you but does no damage. x2
You shoot a sling bullet.
The sling bullet barely misses the black bear.
The black bear bites you. The black bear closely misses you.
The black bear claws you but does no damage.
You shoot a sling bullet.
The sling bullet barely misses the black bear.
The black bear bites you but does no damage.
The black bear closely misses you. The black bear claws you.
You shoot a sling bullet. The sling bullet hits the black bear.
The black bear is moderately wounded.
The black bear bites you. The black bear misses you.
The black bear claws you but does no damage.
The black bear bites you but does no damage.
The black bear claws you but does no damage.
The black bear barely misses you.
You shoot a sling bullet.
The sling bullet hits the black bear but does no damage.
The black bear is lightly wounded.
The black bear closely misses you.
The black bear claws you but does no damage.
The black bear claws you.
You shoot a sling bullet.
The sling bullet hits the black bear but does no damage.
The black bear is lightly wounded.
The black bear bites you.
You die...

#...### #...... #)..#..
##...#.# # ....#.# #.#
#..#.# ..
#####..#.##.##.#.
#........@h.?....
#######.####.#.......##
#_..#8#.# #.####......
#...#.#.# #.# ..(...
#.......# #.# .####
###....## #.. .#
#8..#### ### # #####


You could see a black bear.

Vanquished Creatures
  2 dart slugs (D:1)
  A ball python (D:2)
  A bat (D:1)
  4 endoplasms (D:1)
  3 goblins (D:1)
  A hobgoblin (D:1)
  8 jackals
  3 kobolds (D:1)
  A quokka (D:1)
  4 rats (D:1)
28 creatures vanquished.

Notes
Turn   | Place    | Note
-------+----------+-------------------------------------------
     0 | D:1      | qw the Gargoyle Hexslinger began the quest for the Orb.
     0 | D:1      | Reached XP level 1. HP: 12/12 MP: 2/2
     0 | D:1      | 0 ||| qw: Version: 0.3-a-52-g30416fa
     0 | D:1      | 0 ||| qw: Game counter: 7326
     0 | D:1      | 0 ||| qw: Melee chars always use a shield: true
     0 | D:1      | 0 ||| qw: God list: Okawaru
     0 | D:1      | 0 ||| qw: Allow faded altars: false
     0 | D:1      | 0 ||| qw: Do Orc after clearing Dungeon:15 true
     0 | D:1      | 0 ||| qw: Do second Lair branch before Depths: true
     0 | D:1      | 0 ||| qw: Lair rune preference: random
     0 | D:1      | 0 ||| qw: Goals: Normal
     0 | D:1      | 0 ||| PLANNING D:1-11
   121 | D:1      | Reached XP level 2. HP: 16/16 MP: 3/3
   178 | D:1      | Reached skill level 3 in Ranged Weapons
   204 | D:1      | Found Asmommo's Armour Boutique.
   212 | D:1      | 212 ||| SHOPLISTING +0 cloak (54 gold, have 22).
   212 | D:1      | 212 ||| SHOPLISTING +0 helmet (54 gold, have 22).
   212 | D:1      | 212 ||| SHOPLISTING +0 leather armour (24 gold, have 22).
   212 | D:1      | 212 ||| SHOPLISTING +0 pair of gloves of strength (138
                  | gold, have 22).
   212 | D:1      | 212 ||| SHOPLISTING +0 ring mail (48 gold, have 22).
   305 | D:1      | Found Erphub's Antique Weapon Shop.
   318 | D:1      | Reached XP level 3. HP: 21/21 MP: 4/4
   457 | D:1      | Found Egoakhlol's Antique Weapon Shop.
   465 | D:1      | 465 ||| SHOPLISTING runed longbow (304 gold, have 66).
   657 | D:1      | 657 ||| UPGRADING to +0 pair of gloves.
   662 | D:1      | 662 ||| UPGRADING to +0 ring mail.
   672 | D:1      | 672 ||| DROPPING +0 robe.
   673 | D:1      | 673 ||| DROPPING ring of magical power.
   674 | D:1      | 674 ||| READING scroll labelled DEOPIASAMY.
   675 | D:1      | 675 ||| READING 4 scrolls labelled PENKEL KIACKI.
   676 | D:1      | 676 ||| READING scroll labelled XADWUROLUJ.
   677 | D:1      | 677 ||| READING scroll labelled JULAUF QABERID.
   678 | D:1      | 678 ||| DRINKING 2 ruby potions.
   679 | D:1      | 679 ||| DROPPING scroll of poison.
   680 | D:1      | 680 ||| DROPPING 3 scrolls of noise.
   896 | D:2      | You fall into a shaft and drop 2 floors!
   896 | D:4      | Found a basalt altar of Yredelemnul.
   919 | D:4      | Noticed a black bear
   925 | D:4      | HP: 4/21 [black bear (5)]
   926 | D:4      | HP: 1/21 [black bear (4)]
   927 | D:4      | Slain by a black bear

Levels and vault maps discovered:
D:1:      psy_arrival_basics, layout_loops_ring, serial_shops,
          nicolae_shop_overgrown_old_shop, nicolae_shop_gibbet_a_chance, shop,
          minmay_misc_feat_pillars, serial_bayou_lagoon_b
D:2:      layout_basic
D:4:      layout_loops_ring, nicolae_overflow_quartered_altars, serial_shops,
          nicolae_shop_stone, shop, nicolae_diamond_shop,
          nicolae_shop_peninsula, shop, grunt_ministairs_11, uniq_natasha,
          uniq_eustachio

Skill      XL: |  1  2 |
---------------+-------+-----
Ranged Weapons | 3 |  3.2
Fighting       | 2 |  2.0
Armour         | |  0.6
Dodging        | |  1.5
Spellcasting   | |  1.0
Hexes          | |  2.6

Action                     || total
---------------------------++-------
   Fire: Sling             ||   103
    Use: Scroll            ||     4
         Potion            ||     1
 Armour: Robe              ||    23
         Ring mail         ||    22
  Dodge: Dodged            ||    52

Table legend:
 A = Non-vault XP
 B = Vault XP
 C = Vault XP percentage of total XP
 D = Non-vault monster count
 E = Vault monster count
 F = Vault count percentage of total count
                 A         B        C        D         E       F
            +---------+---------+-------+---------+---------+-------
      Total |      56 |       0 |   0.0 |      28 |       0 |   0.0
            +---------+---------+-------+---------+---------+-------
        D:1 |      50 |       0 |   0.0 |      25 |       0 |   0.0
        D:2 |       6 |       0 |   0.0 |       3 |       0 |   0.0
            +---------+---------+-------+---------+---------+-------
